 Dungeon Crawl Stone Soup version 0.31-a0-1405-g2bb1a01 (webtiles) character file.

Game seed: 4336107282586507742

31147 samfromsteam the Cleaver (level 13, -8/124 HPs)
             Began as a Minotaur Berserker on Dec 25, 2023.
             Was a High Priest of Trog.
             Mangled by a naga
             ... wielding a +3 halberd
              (9 damage)
             ... while petrified by a catoblepas
             ... on level 3 of the Lair of Beasts.
             The game lasted 00:37:29 (14609 turns).

samfromsteam the Cleaver (Minotaur Berserker)      Turns: 14609, Time: 00:37:29

Health: -8/124     AC: 30    Str: 31    XL:     13   Next: 24%
Magic:  12/12      EV: -1    Int:  4    God:    Trog [*****.]
Gold:   1030       SH:  0    Dex: 10    Spells: 12/12 levels left

rFire   + . .        O - +1 battleaxe (venom)
rCold   + . .        (shield currently unavailable)
rNeg    + + +        u - +6 plate armour of the Pit {rPois rN+ Str+4 Stlth+}
rPois   ∞            I - +1 hat {Stlth+}
rElec   +            B - +0 cloak
rCorr   +            (no gloves)
SInv    .            p - +0 pair of boots
Will    .....        t - amulet of reflection Stlth
                     q - ring "Guxatro" {rCorr Slay+3 Stlth+}
HPRegen 0.40/turn    j - +4 ring of protection
MPRegen 0.13/turn

%: reflection
@: resistant, petrified, on berserk cooldown, slowed, constricted
A: horns 2, retaliatory headbutt
a: Renounce Religion, Berserk, Trog's Hand, Brothers in Arms


You were on level 3 of the Lair of Beasts.
You worshipped Trog.
Trog was extremely pleased with you.
You visited 3 branches of the dungeon, and saw 16 of its levels.
You also visited: Bailey.

You collected 1030 gold pieces.

Inventory:

Hand Weapons
 s - the +4 mace of the Sage {vamp, rCorr}
   (You found it on level 10 of the Dungeon)

   rCorr:     It protects you from acid and corrosion.
 N - the +7 war axe of Foul Odours {vamp, +Blink Int+2}
   (You found it on level 11 of the Dungeon)

   Int+2:     It affects your intelligence (+2).
   +Blink:    It lets you blink.
 O - a +1 battleaxe of venom (weapon)
Missiles
 y - 3 throwing nets {!f}
Armour
 p - a +0 pair of boots (worn)
 u - the +6 plate armour of the Pit (worn) {rPois rN+ Str+4 Stlth+}
   (You found it on level 11 of the Dungeon)

   Str+4:     It affects your strength (+4).
   rPois:     It protects you from poison rN+: It protects you from negative
   energy.
   Stlth+:    It makes you more stealthy.
 B - a +0 cloak (worn)
 I - a +1 hat of stealth (worn)
Jewellery
 e - a ring of flight
 f - a ring of protection from fire
 j - a +4 ring of protection (right hand)
 q - the ring "Guxatro" (left hand) {rCorr Slay+3 Stlth+}
   (You found it on level 4 of the Dungeon)

   [ring of resist corrosion]

   Slay+3:    It affects your accuracy & damage with ranged weapons and melee
   (+3).
   rCorr:     It protects you from acid and corrosion.
   Stlth+:    It makes you more stealthy.
 t - an amulet of reflection (around neck)
 A - an amulet of magic regeneration
 J - a ring of ice
Talismans
 C - a blade talisman
Wands
 r - a wand of mindburst (9) (quivered)
Scrolls
 a - a scroll of blinking {unknown}
 b - 3 scrolls of enchant weapon {unknown}
 c - 5 scrolls of teleportation {unknown}
 d - 5 scrolls of revelation {unknown}
 h - 2 scrolls of fog {unknown}
 l - a scroll of enchant armour {unknown}
 m - 3 scrolls of immolation {unknown}
 w - 2 scrolls of fear {unknown}
 K - 4 scrolls of poison {unknown}
 L - a scroll of amnesia {unknown}
 M - a scroll of torment {unknown}
 P - a scroll of butterflies {unknown}
 Q - a scroll of noise {unknown}
 R - 3 scrolls of identify
Potions
 g - 4 potions of curing
 i - 2 potions of enlightenment {unknown}
 k - 4 potions of haste
 n - a potion of ambrosia {unknown}
 o - 3 potions of magic
 v - 2 potions of resistance
 x - 2 potions of heal wounds
 z - 4 potions of might
 D - a potion of cancellation {unknown}
 E - a potion of lignification {unknown}
 F - a potion of mutation {unknown}
 G - a potion of attraction {unknown}
 H - 2 potions of invisibility {unknown}


   Skills:
 + Level 14.1 Fighting
 + Level 14.1 Axes
 + Level 13.8 Armour
 + Level 12.7 Dodging


You had 12 spell levels left.
You didn't know any spells.
Your spell library contained the following spells:

 Spells                   Type           Power      Damage    Failure   Level
 Necrotise                Necr           0%         1d4       97%         1
 Lesser Beckoning         Tloc           0%         N/A       99%         2
 Call Canine Familiar     Summ           0%         N/A       100%        3
 Gell's Gravitas          Tloc           0%         N/A       100%        3
 Inner Flame              Hex/Fire       0%         N/A       100%        3
 Sigil of Binding         Hex            0%         N/A       100%        3
 Teleport Other           Tloc           0%         N/A       100%        3
 Tukima's Dance           Hex            0%         N/A       100%        3
 Vampiric Draining        Necr           0%         2d6       100%        3
 Anguish                  Hex/Necr       0%         N/A       100%        4
 Cause Fear               Hex            0%         N/A       100%        4
 Dimensional Bullseye     Hex/Tloc       0%         N/A       100%        4
 Flame Wave               Conj/Fire      0%         2d4       100%        4
 Passage of Golubria      Tloc           0%         N/A       100%        4
 Sticky Flame             Fire/Alch      0%         2d4       100%        4
 Agony                    Necr           0%         N/A       100%        5
 Yara's Violent Unravell  Hex/Alch       0%         3d3       100%        5
 Enfeeble                 Hex            0%         N/A       100%        7
 Haunt                    Necr/Summ      0%         N/A       100%        7
 Borgnjor's Revivificati  Necr           0%         N/A       100%        8
 Death's Door             Necr           0%         N/A       100%        9


Dungeon Overview and Level Annotations

Branches:
Dungeon (12/15)            Temple (1/1) D:4            Lair (3/5) D:9
  Swamp (0/4) Lair:2        Snake (0/4) Lair:3       Bailey (visited)
    Orc: D:9-12

Altars:
Ashenzari
Cheibriados
Dithmenos
Elyvilon
Fedhas
Gozag
Hepliaklqana
Kikubaaqudgha
Makhleb
Nemelex Xobeh
Okawaru
Qazlal
Ru
Sif Muna
Trog
Uskayaw
Vehumet
Wu Jian
Xom
Yredelemnul
Zin
The Shining One

Shops:
D:8 (

Portals:
Trove: D:11 (give 19 potions of curing)


Innate Abilities, Weirdness & Mutations

You have a pair of horns on your head.
You reflexively headbutt those who attack you in melee.


Message History

You resist. The naga constricts you.
The naga hits you from afar with a +3 halberd!!
* * * LOW HITPOINT WARNING * * *
The catoblepas gores you but does no damage.
The naga hits you but does no damage. The naga constricts you.
The naga hits you but does no damage. The catoblepas gores you.
* * * LOW HITPOINT WARNING * * *
The naga hits you but does no damage. The naga constricts you.
The naga hits you from afar with a +3 halberd.
* * * LOW HITPOINT WARNING * * *
The catoblepas gores you but does no damage.
The naga hits you with a +0 flail.
* * * LOW HITPOINT WARNING * * *
The naga constricts you. The naga hits you but does no damage.
The catoblepas breathes a plume of calcifying dust at you.
The blast of calcifying dust hits you but does no damage.
The naga hits you with a +0 flail!
* * * LOW HITPOINT WARNING * * *
The naga constricts you. The naga hits you but does no damage.
You are engulfed in calcifying dust.
The catoblepas gores you!
* * * LOW HITPOINT WARNING * * *
The naga hits you but does no damage. The naga constricts you.
* * * LOW HITPOINT WARNING * * *
The naga completely misses you.
You are engulfed in calcifying dust.
The catoblepas breathes a plume of calcifying dust at you.
The blast of calcifying dust hits you but does no damage.
The naga spits poison at you.
The splash of poison hits you but does no damage.
You resist. The naga constricts you.
* * * LOW HITPOINT WARNING * * *
The naga hits you from afar with a +3 halberd.
* * * LOW HITPOINT WARNING * * *
You are engulfed in calcifying dust.
The catoblepas gores you!
* * * LOW HITPOINT WARNING * * *
The naga hits you but does no damage. The naga constricts you.
* * * LOW HITPOINT WARNING * * *
The naga hits you from afar with a +3 halberd!!
You die...

#.. # ##.. .#
#..###.
#.......# .. ..
#...> ..# ..# #.
#... ..#
...##.##)N###..#
.......##N)?..#
........#@Y...#
........##)..##
......)..##.##
............#
............###
.##...##....#.#
#.#####....#
#.........##
+.....##...#


You could see a catoblepas (very poisoned) and 2 nagas.

Vanquished Creatures
  Gastronok (D:10)
  Kirke (Lair:3)
  Fannar (D:10)
  A catoblepas (D:9)
  Erica (Lair:1)
  A boulder beetle (D:11)
  A hydra (Lair:2)
  A two-headed ogre (D:11)
  Urug (D:11)
  3 death yaks (Lair:3)
  Sonja (D:10)
  A skyshark (Lair:3)
  Pikel (D:5)
  An arcanist (D:10)
  An orc knight (D:10)
  2 cyclopes (D:11)
  Maurice (D:9)
  4 black mambas
  Maggie (D:10)
  2 gargoyles
  8 cane toads
  A rime drake (Lair:3)
  5 komodo dragons
  4 trolls
  A polar bear (Lair:2)
  A hornet (D:8)
  4 blink frogs (Lair:3)
  A shadow (D:11)
  Sigmund (D:6)
  A vampire (Bailey)
  2 unseen horror simulacra (D:8)
  18 yaks
  A human (Lair:3)
  2 vampire mosquitoes (D:11)
  3 steam dragons
  A hog (Lair:3)
  A basilisk (Lair:2)
  An acid dragon (D:11)
  2 swamp worms (Lair:2)
  3 nagas (Lair:3)
  10 water moccasins
  An ice beast (D:6)
  10 orc warriors
  3 wolves (Lair:2)
  An ogre (D:11)
  6 centaurs
  A phantom (D:6)
  4 kobold brigands
  Blork the orc (D:6)
  12 bullfrogs
  A gnoll sergeant (D:7)
  2 scorpions
  5 wights
  A hornet simulacrum (D:8)
  5 killer bees (D:8)
  2 electric eels (D:8)
  5 howler monkeys
  7 vampire bats (Bailey)
  A bombardier beetle (D:4)
  4 wolf zombies (Bailey)
  A jelly (D:5)
  4 orc priests
  3 hounds
  4 iguanas
  A sleepcap (D:5)
  8 orc wizards
  7 hell rats (Lair:3)
  A centaur simulacrum (D:8)
  Robin (D:2)
  8 gnolls
  14 adders
  A shadow imp (D:6)
  2 white imps
  A howler monkey simulacrum (D:8)
  5 ufetubi
  A worm (D:9)
  3 dart slugs
  49 orcs
  6 endoplasms
  16 goblins
  13 hobgoblins
  7 jackals
  3 quokkas
  4 ball pythons
  5 bats
  6 frilled lizards
  33 kobolds
  16 orc zombies (Bailey)
  12 rats
  A spectral kobold (D:3)
406 creatures vanquished.

Notes
Turn   | Place    | Note
-------+----------+-------------------------------------------
     0 | D:1      | samfromsteam the Minotaur Berserker began the quest for the
                  | Orb.
     0 | D:1      | Reached XP level 1. HP: 19/19 MP: 0/0
    52 | D:1      | Reached XP level 2. HP: 24/27 MP: 1/1
   234 | D:1      | Found a faded altar of an unknown god.
   479 | D:2      | Reached XP level 3. HP: 24/33 MP: 2/2
   630 | D:2      | Reached ** piety under Trog
   654 | D:2      | Reached XP level 4. HP: 41/41 MP: 3/3
   704 | D:2      | Noticed Robin
   713 | D:2      | Killed Robin
  1330 | D:3      | Reached XP level 5. HP: 42/47 MP: 4/4
  1577 | D:3      | Found a hazy altar of Hepliaklqana.
  1583 | D:3      | Reached *** piety under Trog
  1975 | D:4      | Reached skill level 5 in Axes
  1994 | D:4      | Reached skill level 5 in Fighting
  2306 | D:4      | Identified the ring "Guxatro" {rCorr Slay+3 Stlth+}
  2311 | D:4      | Found a staircase to the Ecumenical Temple.
  2325 | Temple   | Entered the Ecumenical Temple
  2327 | Temple   | Reached XP level 6. HP: 21/56 MP: 5/5
  2806 | D:5      | Entered Level 5 of the Dungeon
  2838 | D:5      | Found a blossoming altar of Fedhas.
  3010 | D:5      | Noticed a water moccasin
  3026 | D:5      | Killed a water moccasin
  3027 | D:5      | Reached skill level 5 in Armour
  3027 | D:5      | Reached XP level 7. HP: 34/62 MP: 4/6
  3190 | D:5      | Noticed Pikel
  3199 | D:5      | Killed Pikel
  3200 | D:5      | Reached skill level 5 in Dodging
  3200 | D:5      | Reached XP level 8. HP: 71/71 MP: 5/7
  3229 | D:5      | Found an iron altar of Okawaru.
  3700 | D:6      | Noticed Blork the orc
  3711 | D:6      | Killed Blork the orc
  3862 | D:6      | Noticed Sigmund
  3883 | D:6      | Killed Sigmund
  4144 | D:6      | Reached **** piety under Trog
  4211 | D:6      | Reached XP level 9. HP: 60/81 MP: 8/8
  4386 | D:6      | Found a shadowy altar of Dithmenos.
  4536 | D:6      | Found an ornate altar of the Wu Jian Council.
  5682 | D:7      | Found a shimmering blue altar of Sif Muna.
  5753 | D:8      | Found Muybb's Weapon Boutique.
  5874 | D:8      | Found a flagged portal.
  5900 | Bailey   | Entered a bailey
  6035 | Bailey   | Noticed a gargoyle
  6060 | Bailey   | Killed a gargoyle
  6190 | Bailey   | Reached XP level 10. HP: 88/91 MP: 9/9
  6190 | Bailey   | Reached ***** piety under Trog
  6304 | Bailey   | Found the +3 robe of Clouds {*Thunder rCloud rElec}
  6557 | Bailey   | Identified the +0 ring mail of the Old and Reckless {rN+
                  | Int+4 Dex+2}
  7405 | D:8      | Reached skill level 10 in Fighting
  7405 | D:8      | Reached skill level 10 in Axes
  7728 | D:9      | Found a staircase to the Lair.
  7729 | D:9      | Noticed Maurice
  7761 | D:9      | Something stole a +5 mace
  7787 | D:9      | Maurice stole a ring of flight
  7789 | D:9      | Something stole 2 throwing nets {!f}
  7792 | D:9      | Something stole 402 gold
  7793 | D:9      | Killed Maurice
  7947 | D:9      | Received a gift from Trog
  8167 | D:9      | Reached skill level 10 in Armour
  8226 | D:9      | Noticed a catoblepas
  8239 | D:9      | Killed a catoblepas
  8649 | D:9      | Found a snail-covered altar of Cheibriados.
  8864 | D:9      | Found a bloodstained altar of Trog.
  8962 | D:10     | Entered Level 10 of the Dungeon
  8962 | D:10     | Noticed Gastronok
  8985 | D:10     | Noticed Fannar
  9051 | D:10     | Killed Gastronok
  9052 | D:10     | Reached XP level 11. HP: 102/102 MP: 10/10
  9296 | D:10     | Killed Fannar
  9408 | D:10     | Noticed an arcanist
  9533 | D:10     | Killed an arcanist
  9534 | D:10     | Reached skill level 10 in Dodging
  9604 | D:10     | Noticed Sonja
  9628 | D:10     | Killed Sonja
  9643 | D:10     | Noticed Maggie
  9652 | D:10     | Killed Maggie
  9999 | D:10     | Identified the +4 mace of the Sage {vamp, rCorr}
 10254 | D:11     | Noticed an orc knight
 10275 | D:10     | Killed an orc knight
 10702 | D:11     | Identified the +7 war axe of Foul Odours {vamp, +Blink
                  | Int+2}
 10723 | D:11     | Noticed a boulder beetle
 10734 | D:11     | Killed a boulder beetle
 10937 | D:11     | Found a portal to a secret trove of treasure.
 10997 | D:11     | Noticed Urug
 10997 | D:11     | Noticed a two-headed ogre
 11021 | D:11     | Killed a two-headed ogre
 11093 | D:11     | Killed Urug
 11213 | D:11     | Identified the +6 plate armour of the Pit {rPois rN+ Str+4
                  | Stlth+}
 11494 | D:11     | Reached XP level 12. HP: 94/112 MP: 11/11
 11738 | Lair:1   | Entered Level 1 of the Lair of Beasts
 11944 | Lair:1   | Noticed Erica
 11956 | Lair:1   | Killed Erica
 13724 | Lair:2   | Noticed a four-headed hydra
 13750 | Lair:2   | Killed a nine-headed hydra
 13875 | Lair:2   | Found a staircase to the Swamp.
 13975 | Lair:3   | Identified the +7 sling "Ammodgh" {freeze, +Blink rElec
                  | rCorr Stlth-}
 14162 | Lair:3   | Reached XP level 13. HP: 122/123 MP: 12/12
 14195 | Lair:3   | Noticed Kirke
 14201 | Lair:3   | Noticed a sphinx
 14206 | Lair:3   | Killed Kirke
 14582 | Lair:3   | Found a staircase to the Snake Pit.
 14606 | Lair:3   | HP: 11/124 [naga/+0 flail (7)]
 14609 | Lair:3   | HP: 3/124 [catoblepas (3)]
 14609 | Lair:3   | HP: 1/124 [constriction (2)]
 14609 | Lair:3   | Mangled by a naga

Illustrated notes

Levels and vault maps discovered:
D:1:      minmay_arrival_checkered_box, layout_rooms,
          dreamdust_ecumenical_altar_hidden_monk_grotto
D:2:      layout_loops_cross, nicolae_half_adder, uniq_robin
D:3:      layout_rooms, nicolae_hepliaklqana_monster_ancestors, fountainhead
D:4:      layout_loops_ring, minmay_temple_entry_large_hall
D:5:      layout_basic, fedhas_bush_and_centaur_altar,
          mainiacjoe_overflow_paths, minmay_misc_feat_more_columns, uniq_pikel
D:6:      kennysheep_steamy, layout_rooms, grunt_dithmenos_shadows,
          pdpol_wu_jian_five_deadly_venoms, hangedman_decor_peaks_small,
          amethyst_killhole, uniq_blork_the_orc, uniq_sigmund
D:7:      layout_loops_ring, led_sif_pool, grunt_ministairs_2
D:8:      layout_loops_cross, enter_bailey_5, serial_ice, serial_ice_j,
          serial_ice_d, serial_ice_n, serial_ice_g, serial_ice_o, serial_ice_m,
          serial_ice_a, serial_shops, nicolae_shop_just_a_little_nook
D:9:      nicolae_cairo_tiling_very_big, layout_basic, bloody_trog,
          cheibrodos_worm_habitat, uniq_maurice
D:10:     layout_rooms, uniq_maggie, uniq_sonja, uniq_gastronok, uniq_fannar
D:11:     layout_roguey, trove_entry_hex_spiral, special_room
          [special_room_orc], uniq_urug
D:12:     layout_loops_ring, minmay_orc_entry_temple_small, uniq_frances
Temple:   nicolae_temple_ecumenical_triangle
Lair:1:   layout_roguey, chequers_serial_rivers_room_b, grunt_megastairs_5,
          uniq_erica
Lair:2:   layout_concentric_octagons, palyth_hydra_swamp_entry,
          grunt_megastairs_4
Lair:3:   layout_regular_city, minmay_snake_entry_guardpost_medium,
          lemuel_fruit_tree, infiniplex_staircase_pool_2, uniq_kirke

Skill      XL: |  1  2  3  4  5  6  7  8  9 10 11 12 13 |
---------------+----------------------------------------+-----
Axes           | 4 5 6 7 9 11 12 13 14 | 14.1
Fighting       | 4 5 6 7 9 11 12 13 14 | 14.1
Armour         | 3 4 5 6 7 9 10 12 13 | 13.8
Dodging        | 3 4 5 6 8 9 11 12 | 12.7

Action                     |  1- 3 |  4- 6 |  7- 9 | 10-12 | 13-15 || total
---------------------------+-------+-------+-------+-------+-------++-------
  Melee: Hand axe          |    51 |   148 |    52 |       |       ||   251
         Headbutt          |     8 |    23 |    39 |    89 |     6 ||   165
         Battleaxe         |       |       |   139 |   475 |    38 ||   652
         Punch             |       |       |     1 |       |       ||     1
         Unarmed           |       |       |       |       |     4 ||     4
 Invoke: Berserk           |     1 |     2 |     8 |    11 |     2 ||    24
         Trog's Hand       |       |       |       |     1 |       ||     1
    Use: Scroll            |       |       |       |     7 |       ||     7
         Potion            |       |       |       |       |     1 ||     1
   Stab: Sleeping          |       |       |       |     2 |       ||     2
         Petrified         |       |       |       |       |     1 ||     1
 Armour: Animal skin       |    25 |    54 |       |       |       ||    79
         Chain mail        |       |    51 |   170 |    36 |       ||   257
         Ring mail         |       |       |       |   142 |       ||   142
         Plate armour      |       |       |       |   217 |    87 ||   304
         Skin              |       |       |       |       |     5 ||     5
  Dodge: Dodged            |    39 |    95 |   111 |   289 |    28 ||   562
  Block: Other             |       |       |    39 |   107 |    15 ||   161
         Reflection        |       |       |       |     6 |       ||     6

Table legend: (Time is in decaauts)
 A = Elapsed time spent in this place.
 B = Non-inter-level travel time spent in this place.
 C = Inter-level travel time spent in this place.
 D = Time resting spent in this place.
 E = Time spent auto-exploring this place.
 F = Levels seen in this place.
 G = Mean time per level.
                   A        B        C        D        E       F      G
               +--------+--------+--------+--------+--------+-----+--------+
         Total |  14942 |  14456 |    486 |   3067 |   8557 |  17 |  878.9 |
       Dungeon |  11074 |  10626 |    448 |   2298 |   6244 |  12 |  922.8 |
        Temple |    192 |    183 |      9 |    163 |      0 |   1 |  192.0 |
          Lair |   2906 |   2877 |     29 |    297 |   2093 |   3 |  968.7 |
        Bailey |    768 |    768 |      0 |    309 |    220 |   1 |  768.0 |
               +--------+--------+--------+--------+--------+-----+--------+

Top non-repeatable levels by time:
     D:9: 1778 daAuts
    D:11: 1531 daAuts
  Lair:2: 1245 daAuts
     D:6: 1231 daAuts
     D:8: 1216 daAuts
  Lair:1: 991 daAuts
    D:10: 897 daAuts
     D:7: 885 daAuts
     D:5: 876 daAuts
     D:2: 795 daAuts
  Bailey: 768 daAuts
     D:4: 727 daAuts
  Lair:3: 669 daAuts
     D:3: 636 daAuts
     D:1: 489 daAuts
